 Dungeon Crawl Stone Soup version 0.29-a0-419-g77450f2105 (webtiles) character file.

Game seed: 16576976336532767336

17945 Majang the Cleaver (level 12, -12/110 HPs)
             Began as a Deep Dwarf Fighter on May 18, 2022.
             Was an Elder of Makhleb.
             Mangled by an orc warrior
             ... wielding a +0 battleaxe
              (27 damage)
             ... on level 2 of the Orcish Mines.
             The game lasted 00:53:45 (9664 turns).

Majang the Cleaver (Deep Dwarf Fighter)             Turns: 9664, Time: 00:53:47

Health: -12/110    AC: 29    Str: 23    XL:     12   Next: 23%
Magic:  9/9        EV: 14    Int: 11    God:    Makhleb [****..]
Gold:   1225       SH:  0    Dex: 16    Spells: 11/11 levels left

rFire   . . .      SeeInvis +   y - +2 battleaxe (holy)
rCold   + + .      Faith    .   (shield currently unavailable)
rNeg    . . .      Spirit   .   u - +10 plate armour of the Blessed Realm {*Slow rC++ Dex+4 SInv}
rPois   .          Reflect  .   (no helmet)
rElec   .          Harm     .   B - +2 cloak
rCorr   .          Rampage  .   m - +1 pair of gloves
Will    +....                   (no boots)
Stlth   ..........              o - amulet of the acrobat
HPRegen 0.00/turn               A - +4 ring of evasion
MPRegen 0.11/turn               (no ring)

@: no status effects
A: damage resistance, heal wounds, sense surroundings 2, no regeneration
a: Heal Wounds, Renounce Religion, Minor Destruction, Lesser Servant of Makhleb,
Major Destruction


You were on level 2 of the Orcish Mines.
You worshipped Makhleb.
Makhleb was greatly pleased with you.
You visited 3 branches of the dungeon, and saw 13 of its levels.

You collected 1446 gold pieces.
You spent 221 gold pieces at shops.

Inventory:

Hand Weapons
 a - a +5 hand axe
 d - a +2 scythe of flaming
 l - a +3 vorpal battleaxe
 y - a +2 battleaxe of holy wrath (weapon)
Missiles
 b - 3 silver boomerangs
 t - 6 throwing nets
 D - 12 boomerangs (quivered)
Armour
 c - a +0 buckler
 m - a +1 pair of gloves (worn)
 q - a +1 ring mail of fire resistance
 u - the +10 plate armour of the Blessed Realm (worn) {*Slow rC++ Dex+4 SInv}
   (You found it on level 5 of the Dungeon)

   Dex:       It affects your dexterity (+4).
   rC:        It greatly protects you from cold.
   SInv:      It lets you see invisible.
   *Slow:     It may slow you when you take damage.
 B - a +2 cloak (worn)
Jewellery
 o - an amulet of the acrobat (around neck)
 A - a +4 ring of evasion (left hand)
Wands
 g - a wand of polymorph (5)
 i - a wand of iceblast (17)
 r - a wand of charming (3)
 w - a wand of paralysis (5)
 E - a wand of acid (7)
Scrolls
 j - 2 scrolls of immolation
 s - a scroll of fear
 v - 3 scrolls of identify
 z - 6 scrolls of teleportation
 C - a scroll of poison
 F - a scroll of summoning
Potions
 e - 4 potions of curing
 f - 5 potions of mutation
 h - 2 potions of attraction
 k - a potion of magic
 n - a potion of lignification
 p - 3 potions of flight
 H - a potion of haste
Miscellaneous
 x - a condenser vane (inert)


   Skills:
 + Level 7.8 Fighting
 * Level 12.7 Axes
 + Level 5.0 Throwing
 + Level 8.7 Armour
 + Level 7.8 Dodging
 - Level 5.4 Shields
 + Level 7.4 Invocations
 + Level 7.6 Evocations


You had 11 spell levels left.
You didn't know any spells.
Your spell library contained the following spells:

 Spells                   Type           Power      Damage    Failure   Level
 Foxfire                  Conj/Fire      0%         2x1d4     99%         1
 Blink                    Tloc           0%         N/A       100%        2
 Corpse Rot               Necr/Air       0%         N/A       100%        2
 Poisonous Vapours        Pois/Air       0%         N/A       100%        2
 Conjure Flame            Conj/Fire      0%         6-21      100%        3
 Inner Flame              Hex/Fire       0%         N/A       100%        3
 Animate Dead             Necr           0%         N/A       100%        4
 Flame Wave               Conj/Fire      0%         2d4       100%        4
 Alistair's Intoxication  Tmut/Pois      0%         N/A       100%        5
 Borgnjor's Vile Clutch   Necr/Erth      0%         N/A       100%        5
 Manifold Assault         Tloc           0%         N/A       100%        5
 Eringya's Noxious Bog    Tmut/Pois      0%         N/A       100%        6
 Haunt                    Necr/Summ      0%         N/A       100%        7
 Storm Form               Tmut/Air       0%         N/A       100%        7
 Infestation              Necr           0%         N/A       100%        8


Dungeon Overview and Level Annotations

Branches:
Dungeon (10/15)            Temple (1/1) D:6            Lair (0/6) D:9
    Orc (2/2) D:9             Elf (0/3) Orc:2

Altars:
Ashenzari
Cheibriados
Dithmenos
Elyvilon
Fedhas
Gozag
Hepliaklqana
Kikubaaqudgha
Makhleb
Nemelex Xobeh
Okawaru
Qazlal
Ru
Sif Muna
Trog
Uskayaw
Vehumet
Wu Jian
Xom
Yredelemnul
Zin
The Shining One

Shops:
D:6 (   D:7 (   Orc:2 ([*(

Annotations:
D:3 2 runed translucent doors, bgiannan's ghost, amateur MiBe
D:7 exclusion: statue


Innate Abilities, Weirdness & Mutations

You are resistant to damage.
You can heal yourself by infusing magical energy.
You passively map the area around you.
You do not regenerate.


Message History

You slash the orc warrior!
The orc knight roars a battlecry!
The orc warrior hits you with a +0 battleaxe!!
You hear a shout! x3
Unknown command.
You slash the orc knight!
The orc knight is heavily wounded.
You hit the orc warrior.
You hear a shout!
The orc knight hits you with a +2 battleaxe!
* * * LOW HITPOINT WARNING * * *
The orc warrior closely misses you.
Your magical essence is drained by the effort!
You feel much better.
An orc priest comes into view. It is wielding a +0 flail.
The orc knight closely misses you.
The orc warrior hits you with a +0 battleaxe.
The orc priest shouts!
You slash the orc knight!
The orc knight is severely wounded.
You hit the orc warrior.
You hear a shout!
The orc knight hits you with a +2 battleaxe!
The orc warrior closely misses you.
An orc high priest comes into view. It is wielding a +0 trident.
You hit the orc knight.
The orc knight is severely wounded.
You closely miss the orc warrior.
The orc knight roars a battlecry!
The orcs go into a battle-frenzy!
The orc warrior closely misses you.
You hear a shout!
You slice the orc knight!!
The orc knight is almost dead.
You hit the orc warrior.
The orc knight hits you with a +2 battleaxe!!
* * * LOW HITPOINT WARNING * * *
The orc knight roars a battlecry!
The orc warrior hits you with a +0 battleaxe!!
You die...

#....#...#....#
* ###..
#....)).......#
* #....
#....#)).#....#
.....
#....).)......#
,.....
#....#)).#....#
*,,.....
##...........##
* ....
#...#...#...#
.....
##.........##
##....
#..#.o@#..#
#.....
##...o...##
#.#.. ###.#o###
#... #...o.
####. ##.#o##
##.... *
.....,** #.....
, #,o.#, #.....
...,, ###.....
, ,, ##......#


You could see 2 orc knights, an orc high priest (strong), 2 orc warriors and an
orc priest (strong).

Vanquished Creatures
  Harold (D:10)
  A two-headed ogre (D:9)
  3 death yaks (D:9)
  An orc high priest (Orc:2)
  Nergalle (D:10)
  3 skeletal warriors (D:10)
  Lodul (D:10)
  3 orc knights (Orc:2)
  2 orc sorcerers
  2 unseen horrors (D:10)
  A hornet (D:9)
  A shadow (D:10)
  6 yaks (D:10)
  Sigmund (D:2)
  A wraith (D:6)
  3 vampire mosquitoes (D:10)
  2 wargs (Orc:2)
  An acid dragon (D:6)
  A black bear (D:4)
  21 orc warriors
  An ice beast (D:8)
  12 ogres
  2 centaurs
  4 phantoms
  3 bullfrogs
  A gnoll sergeant (D:8)
  3 scorpions
  9 wights
  6 killer bees
  4 howler monkeys
  31 orc priests
  5 hounds
  2 jellies
  Crazy Yiuf (D:7)
  3 iguanas
  Jessica (D:3)
  2 gnoll shamans
  Ijyb (D:3)
  16 orc wizards
  A hell rat (D:9)
  Terence (D:3)
  5 adders
  14 gnolls
  A river rat (D:9)
  A white imp (D:6)
  3 worms (D:3)
  A dart slug (D:4)
  64 orcs
  10 ball pythons
  8 endoplasms
  4 giant cockroaches
  10 goblins
  9 hobgoblins
  16 kobolds
  3 quokkas
  4 frilled lizards
  3 rats
321 creatures vanquished.

Vanquished Creatures (others)
  2 plants
2 creatures vanquished.

Grand Total: 323 creatures vanquished

Notes
Turn   | Place    | Note
-------+----------+-------------------------------------------
     0 | D:1      | Majang the Deep Dwarf Fighter began the quest for the Orb.
     0 | D:1      | Reached XP level 1. HP: 20/20 MP: 1/1
   330 | D:1      | Reached XP level 2. HP: 24/27 MP: 2/2
   440 | D:1      | Reached skill level 3 in Axes
   828 | D:1      | Reached XP level 3. HP: 10/34 MP: 3/3
   949 | D:2      | Reached skill level 4 in Axes
  1157 | D:2      | Found a faded altar of an unknown god.
  1171 | D:2      | Reached XP level 4. HP: 37/42 MP: 4/4
  1240 | D:2      | Noticed Sigmund
  1253 | D:2      | Killed Sigmund
  1254 | D:2      | Reached skill level 5 in Axes
  1254 | D:2      | Reached XP level 5. HP: 20/50 MP: 5/5
  1589 | D:3      | Found a runed translucent door.
  1591 | D:3      | Noticed bgiannan's ghost (amateur MiBe)
  1651 | D:3      | Noticed Terence
  1663 | D:3      | Killed Terence
  1664 | D:3      | Reached XP level 6. HP: 33/57 MP: 6/6
  1713 | D:3      | Noticed Jessica
  1721 | D:3      | Killed Jessica
  1856 | D:3      | Noticed Ijyb
  1865 | D:3      | Killed Ijyb
  1866 | D:3      | Reached skill level 6 in Axes
  2293 | D:3      | Found a runed translucent door.
  2309 | D:4      | Found a broken altar of Ashenzari.
  2414 | D:4      | Reached skill level 1 in Dodging
  2532 | D:4      | Reached XP level 7. HP: 43/66 MP: 6/6
  2849 | D:4      | Found a blossoming altar of Fedhas.
  2852 | D:4      | Found a glowing golden altar of the Shining One.
  3065 | D:5      | Entered Level 5 of the Dungeon
  3222 | D:5      | Reached skill level 7 in Axes
  3447 | D:5      | Found a shadowy altar of Dithmenos.
  3447 | D:5      | Found an iron altar of Okawaru.
  3501 | D:5      | Identified the +10 plate armour of the Blessed Realm {*Slow
                  | rC++ Dex+4 SInv}
  3599 | D:5      | Reached XP level 8. HP: 34/73 MP: 7/7
  3800 | D:5      | Found a hide-covered altar of Uskayaw.
  3924 | D:6      | Reached skill level 5 in Fighting
  4061 | D:6      | Reached skill level 5 in Armour
  4071 | D:6      | Reached skill level 8 in Axes
  4071 | D:6      | Reached skill level 5 in Shields
  4119 | D:6      | Found Oxaram's Antique Weapon Emporium.
  4203 | D:6      | Found a staircase to the Ecumenical Temple.
  4212 | Temple   | Entered the Ecumenical Temple
  4741 | D:7      | Gained mutation: You passively map the area around you.
                  | [Deep Dwarf growth]
  4741 | D:7      | Reached XP level 9. HP: 43/81 MP: 7/7
  4791 | D:7      | Found Rienwo's Antique Weapon Boutique.
  4850 | D:7      | Reached skill level 1 in Evocations
  4892 | D:7      | Found a burning altar of Makhleb.
  4897 | D:7      | Became a worshipper of Makhleb the Destroyer
  5261 | D:7      | Found a radiant altar of Vehumet.
  5353 | D:7      | Found a runed translucent door.
  5354 | D:7      | Noticed Crazy Yiuf
  5358 | D:7      | Killed Crazy Yiuf
  5555 | D:8      | Reached skill level 9 in Axes
  5587 | D:8      | Reached skill level 1 in Invocations
  6028 | D:8      | Reached skill level 1 in Throwing
  6436 | D:9      | Reached skill level 5 in Dodging
  6453 | D:9      | Reached * piety under Makhleb
  6517 | D:9      | Noticed a death yak
  6541 | D:9      | Killed a death yak
  6541 | D:9      | Noticed a death yak
  6542 | D:9      | Reached skill level 10 in Axes
  6542 | D:9      | Reached XP level 10. HP: 25/91 MP: 8/8
  6542 | D:9      | Noticed a death yak
  6554 | D:9      | Killed a death yak
  6564 | D:9      | Killed a death yak
  6579 | D:9      | Found a staircase to the Lair.
  6646 | D:9      | Noticed a two-headed ogre
  6656 | D:9      | Killed a two-headed ogre
  6714 | D:9      | Found a staircase to the Orcish Mines.
  6874 | D:9      | Reached skill level 5 in Evocations
  7203 | D:10     | Entered Level 10 of the Dungeon
  7273 | D:10     | Reached skill level 5 in Invocations
  7329 | D:10     | Noticed Nergalle
  7333 | D:10     | Killed Nergalle
  7334 | D:10     | Reached skill level 11 in Axes
  7362 | D:10     | Noticed a skeletal warrior
  7375 | D:10     | Killed a skeletal warrior
  7376 | D:10     | Reached XP level 11. HP: 83/100 MP: 8/10
  7418 | D:10     | Noticed a skeletal warrior
  7525 | D:10     | Noticed a skeletal warrior
  7562 | D:10     | Killed a skeletal warrior
  7572 | D:10     | Killed a skeletal warrior
  7572 | D:10     | Reached ** piety under Makhleb
  7809 | D:10     | Noticed Lodul
  7818 | D:10     | Killed Lodul
  8100 | D:10     | Noticed Harold
  8112 | D:10     | Killed Harold
  8403 | Orc:1    | Entered Level 1 of the Orcish Mines
  8405 | Orc:1    | Reached skill level 12 in Axes
  8476 | Orc:1    | Noticed an orc sorcerer
  8480 | Orc:1    | Noticed a sixfirhy
  8481 | Orc:1    | Killed an orc sorcerer
  8638 | Orc:2    | Entered Level 2 of the Orcish Mines
  8779 | Orc:2    | Noticed an orc sorcerer
  8785 | Orc:2    | Reached *** piety under Makhleb
  8794 | Orc:2    | Killed an orc sorcerer
  8896 | Orc:2    | Found Xeqauj's General Store.
  8899 | Orc:2    | Bought a potion of heal wounds for 65 gold pieces
  8899 | Orc:2    | Bought a scroll of identify for 26 gold pieces
  8899 | Orc:2    | Bought a potion of haste for 130 gold pieces
  8908 | Orc:2    | Found Obbaler's Antique Weapon Boutique.
  8997 | Orc:2    | Found Dimmah's Antique Weapon Boutique.
  9015 | Orc:2    | Noticed an orc knight
  9047 | Orc:2    | Killed an orc knight
  9069 | Orc:2    | Found Wiqit's Antique Armour Emporium.
  9184 | Orc:2    | Found a staircase to the Elven Halls.
  9258 | Orc:2    | Reached XP level 12. HP: 31/110 MP: 11/11
  9292 | Orc:2    | Reached **** piety under Makhleb
  9303 | Orc:2    | Noticed an orc high priest
  9327 | Orc:2    | Killed an orc high priest
  9639 | Orc:2    | Reached skill level 5 in Throwing
  9662 | Orc:2    | Noticed an orc high priest
  9664 | Orc:2    | Mangled by an orc warrior

Illustrated notes

Levels and vault maps discovered:
D:1:      minmay_arrival_nine_rooms, layout_loops_cross,
          nicolae_concentric_dashed_squares_mild
D:2:      cheibrodos_old_hovel, layout_basic, basic_ecumenical_altar,
          nicolae_concentric_dashed_squares_wild, uniq_sigmund
D:3:      corexii_shack_village, layout_loops_ring, ebering_ghost_sewer_f,
          grunt_ministairs_6, uniq_terence, uniq_ijyb, uniq_jessica
D:4:      layout_gridville, mainiacjoe_overflow_boulevard,
          nicolae_overflow_squiral, kennysheep_generic_room_6
D:5:      nicolae_BIG_FREAKIN_CUBE, layout_basic, lemuel_tele_altar,
          gammafunk_temple_overflow_wave, hangedman_decor_opposing
D:6:      layout_cave_pools, minmay_temple_entry_gardened_gates, serial_shops,
          nicolae_shop_behind_doors
D:7:      layout_loops_corners, kennysheep_little_box, vehumet_statue,
          serial_shops, shop, minmay_misc_feat_nine_boxes,
          uniq_crazy_yiuf_cottage
D:8:      layout_loops_ring
D:9:      layout_rooms, dpeg_lair_monsters, david_orc_1_choice
D:10:     layout_roguey, uniq_nergalle, uniq_lodul, uniq_harold
Temple:   jpeg_temple_clearing
Orc:1:    layout_caves
Orc:2:    st_orc_pillars, layout_diamond_mine, serial_shops, shop, shop,
          nicolae_shop_hallway_plus, nicolae_shop_hallway_plus

Skill      XL: |  1  2  3  4  5  6  7  8  9 10 11 12 |
---------------+-------------------------------------+-----
Axes           | 3 4 5 6 7 8 10 11 12 | 12.7
Fighting       | 3 4 5 6 7 |  7.8
Dodging        | 1 2 4 5 6 7 |  7.8
Armour         | 4 5 6 7 8 |  8.7
Shields        | 4 5 |  5.4
Evocations     | 3 5 7 |  7.6
Invocations    | 3 5 7 |  7.4
Throwing       | 2 3 4 5 |  5.0

Action                   |  1- 3 |  4- 6 |  7- 9 | 10-12 || total
-------------------------+-------+-------+-------+-------++-------
Melee: War axe           |    78 |   173 |   182 |       ||   433
       Battleaxe         |       |       |   154 |   434 ||   588
Throw: Boomerang         |       |       |       |    26 ||    26
       Throwing net      |       |       |       |     1 ||     1
 Abil: Heal Wounds       |     1 |     4 |     6 |    13 ||    24
Evoke: Wand              |       |     2 |     2 |       ||     4
       Condenser vane    |       |       |       |     1 ||     1
  Use: Potion            |       |     1 |     3 |     7 ||    11
       Scroll            |       |     7 |    13 |     5 ||    25
Armor: Scale mail        |    15 |       |       |       ||    15
       Chain mail        |    16 |    71 |    35 |       ||   122
       Plate armour      |       |       |   139 |   221 ||   360
Dodge: Dodged            |    28 |    66 |   196 |   311 ||   601
Block: Buckler           |    17 |    36 |    39 |       ||    92

Table legend: (Time is in decaauts)
 A = Elapsed time spent in this place.
 B = Non-inter-level travel time spent in this place.
 C = Inter-level travel time spent in this place.
 D = Time resting spent in this place.
 E = Time spent auto-exploring this place.
 F = Levels seen in this place.
 G = Mean time per level.
                   A        B        C        D        E       F      G
               +--------+--------+--------+--------+--------+-----+--------+
         Total |   9890 |   9352 |    538 |   1236 |   4421 |  13 |  760.8 |
       Dungeon |   8498 |   7980 |    518 |   1053 |   4211 |  10 |  849.8 |
        Temple |    108 |     96 |     12 |      0 |     83 |   1 |  108.0 |
  Orcish Mines |   1282 |   1274 |      8 |    183 |    127 |   2 |  641.0 |
               +--------+--------+--------+--------+--------+-----+--------+

Top non-repeatable levels by time:
    D:10: 1189 daAuts
     D:7: 1140 daAuts
   Orc:2: 981 daAuts
     D:1: 885 daAuts
     D:9: 880 daAuts
     D:3: 860 daAuts
     D:5: 818 daAuts
     D:4: 792 daAuts
     D:8: 741 daAuts
     D:2: 633 daAuts
     D:6: 557 daAuts
   Orc:1: 301 daAuts
  Temple: 108 daAuts
